AoeStats
← Stahlzie

Arabian Desert

510526184Analyzed
1v1 RM · 14h ago on Oct 1, 2026· 39m 50s· 2 players
Game mode
Random Map
Map size
Tiny (2 player)
Population
200
Speed
Normal
Resources
Standard
Victory
Conquest
Starting age
Dark Age
Ending age
Imperial Age
RankedLock teamsTeams togetherTeam positionsShared explorationLock speedFull tech treeHidden civsTurbo modeCheats
Victory
Defeat
🇲🇾 Saxons · Malaysia
1229
+16
🇺🇸 Hindustanis · United States
1230
-16
timtimchew
7:17 Loom
9:39 Feudal Age
10:01 Man-at-Arms
14:34 Fletching
22:28 Castle Age
20:52 Double-Bit Axe
21:12 Horse Collar
24:05 Gold Mining
24:21 Scale Mail Armor
25:04 Squires
25:59 Arson
25:59 Gambesons
27:03 Bow Saw
26:58 Elite Skirmisher
28:36 Bodkin Arrow
29:10 Heavy Plow
33:04 Gold Shaft Mining
32:20 Stone Mining
35:23 Chain Mail Armor
35:09 Padded Archer Armor
35:21 Forging
37:39 Ballistics
37:30 Thumb Ring
38:53 Leather Archer Armor
39:17 Iron Casting
39:21 Wheelbarrow
Stahlzie
9:27 Feudal Age
7:43 Loom
17:05 Double-Bit Axe
17:31 Horse Collar
20:08 Wheelbarrow
19:50 Bloodlines
23:34 Castle Age
24:34 Thumb Ring
24:21 Fletching
26:15 Bodkin Arrow
28:29 Ballistics
33:23 Light Cavalry
35:58 Careening
37:45 Forging
37:40 Scale Barding Armor
Connection lost

Rejoining the realm…

Still unreachable

The connection could not be restored.

Session expired

The server has moved on; the page needs a fresh start.